 Dungeon Crawl Stone Soup version 0.30.1-11-g7821555f0a (webtiles) character file.

Game seed: 8971656374523489336

5080 lonewolfV2 the Nimble (level 10, -8/77 HPs)
             Began as a Minotaur Fighter on Nov 3, 2023.
             Was an Elder of Okawaru.
             Mangled by a two-headed ogre
             ... wielding a +0 giant club
              (13 damage)
             ... on level 9 of the Dungeon.
             The game lasted 00:17:19 (10713 turns).

lonewolfV2 the Nimble (Minotaur Fighter)           Turns: 10713, Time: 00:17:20

Health: -8/77      AC: 10    Str: 22    XL:     10   Next: 31%
Magic:  14/14      EV: 15    Int:  4    God:    Okawaru [****..]
Gold:   664        SH:  5    Dex: 16    Spells: 9/9 levels left

rFire   . . .        u - +2 flail "Lostowag" {spect, rN+ rCorr Stlth+}
rCold   . . .        c - +0 buckler
rNeg    + . .        b - +0 scale mail
rPois   .            (helmet restricted)
rElec   .            (no cloak)
rCorr   +            s - +0 pair of gloves
SInv    .            q - +0 pair of boots
Will    .....        p - amulet of faith
Stlth   +            (no ring)
HPRegen 0.32/turn    (no ring)
MPRegen 0.14/turn

%: faith
@: unable to read
A: horns 2, retaliatory headbutt, fangs 1, agile 1, screaming 1, inability to
read after injury 1, MP-powered wands
a: Renounce Religion, Heroism, Finesse


You were on level 9 of the Dungeon.
You worshipped Okawaru.
Okawaru was greatly pleased with you.
You visited 1 branch of the dungeon, and saw 9 of its levels.
You also visited: Ossuary.

You collected 664 gold pieces.

Inventory:

Hand Weapons
 a - a +1 war axe
 o - a +3 war axe
 u - the +2 flail "Lostowag" (weapon) {spect, rN+ rCorr Stlth+}
   (You found it on level 8 of the Dungeon)

   rN:        It protects you from negative energy.
   rCorr:     It protects you from acid and corrosion.
   Stlth:     It makes you more stealthy.
Armour
 b - a +0 scale mail (worn)
 c - a +0 buckler (worn)
 q - a +0 pair of boots (worn)
 s - a +0 pair of gloves (worn)
Jewellery
 p - an amulet of faith (around neck)
Wands
 m - a wand of polymorph (2)
 r - a wand of flame (34)
 w - a wand of paralysis (2)
Scrolls
 e - 3 scrolls of identify
 f - 2 scrolls of blinking
 n - a scroll of vulnerability
 v - a scroll of magic mapping
Potions
 d - 2 potions of might
 g - a potion of lignification
 h - 2 potions of flight
 j - a potion of berserk rage
 l - a potion of cancellation
 t - 2 potions of ambrosia


   Skills:
 - Level 3.6 Fighting
 - Level 9.2(9.3) Axes
 + Level 2.2(6.2) Maces & Flails
 * Level 8.0 Armour
 - Level 10.0 Dodging
 - Level 3.6 Shields
 + Level 7.4 Invocations


You had 9 spell levels left.
You didn't know any spells.
Your spell library contained the following spells:

 Spells                   Type           Power      Damage    Failure   Level
 Sandblast                Erth           0%         2d4       85%         1
 Blink                    Tloc           0%         N/A       94%         2
 Passwall                 Tmut/Erth      0%         N/A       94%         2
 Stone Arrow              Conj/Erth      0%         3d7       99%         3
 Leda's Liquefaction      Hex/Erth       0%         N/A       100%        4
 Manifold Assault         Tloc           0%         N/A       100%        4
 Lee's Rapid Deconstruct  Erth           0%         3d4*      100%        5
 Statue Form              Tmut/Erth      0%         N/A       100%        6
 Storm Form               Tmut/Air       0%         N/A       100%        7


Dungeon Overview and Level Annotations

Branches:
Dungeon (9/15)             Temple (0/1) D:5         Ossuary (visited)
   Lair: D:8-11         Orc: D:9-12

Altars:
Ashenzari
Cheibriados
Fedhas
Hepliaklqana
Kikubaaqudgha
Makhleb
Nemelex Xobeh
Okawaru
Ru
Sif Muna
Uskayaw
Vehumet
Xom
The Shining One


Innate Abilities, Weirdness & Mutations

You have a pair of horns on your head.
You reflexively headbutt those who attack you in melee.
You have very sharp teeth.
You are agile. (Dex +4, Str/Int -1)
You occasionally shout uncontrollably at your foes.
You occasionally lose the ability to read scrolls when taking damage.
You expend magic power (3 MP) to strengthen your wands.


Message History

Your Armour skill increases to level 8!
You swap places.
Your +2 flail "Lostowag" {spect, rN+ rCorr Stlth+} disappears.
You feel sick. You block the killer bee's attack.
The killer bee closely misses you. You furiously retaliate!
You headbutt the killer bee!
You kill the killer bee!
Okawaru accepts your kill. The two-headed ogre closely misses you.
The two-headed ogre completely misses you.
You see here a killer bee corpse.
You hit the two-headed ogre.
You bite the two-headed ogre, but do no damage.
The two-headed ogre is moderately wounded.
Your +2 flail "Lostowag" {spect, rN+ rCorr Stlth+} hits the two-headed ogre.
You feel sick.
You are no longer poisoned.
You hit the two-headed ogre.
The two-headed ogre is moderately wounded.
Your +2 flail "Lostowag" {spect, rN+ rCorr Stlth+} hits the two-headed ogre.
The two-headed ogre hits you with a +0 giant club.
The two-headed ogre hits you with a +0 giant club!!
You closely miss the two-headed ogre. You headbutt the two-headed ogre!
Your bite misses the two-headed ogre.
The two-headed ogre is severely wounded.
Your +2 flail "Lostowag" {spect, rN+ rCorr Stlth+} barely misses the two-headed ogre.
The two-headed ogre barely misses you. You furiously retaliate!
You headbutt the two-headed ogre.
The two-headed ogre completely misses you.
You hit the two-headed ogre.
The two-headed ogre is almost dead.
Your +2 flail "Lostowag" {spect, rN+ rCorr Stlth+} completely misses the two-headed ogre.
You barely miss the two-headed ogre.
The two-headed ogre is almost dead.
Your +2 flail "Lostowag" {spect, rN+ rCorr Stlth+} barely misses the two-headed ogre.
The two-headed ogre hits you with a +0 giant club!!
You feel threatened and lose the ability to read scrolls!
* * * LOW HITPOINT WARNING * * *
The two-headed ogre hits you with a +0 giant club!
You die...

.. #.....[...
..#####.........
................
#...............
####..
.........?.....
......
.............
####..
..#..........
###
#.#.O(.......
≈≈#
#.#.@†.......
≈≈#
#.#..........
≈≈#########
#....#######+
~≈#.......#
###..###
~~#.......#
#....#
..........#
#.##.#####.#
~†###....##
#..........# ≈≈#
####.#
#####.###### ≈≈#
#.## #..###


You could see a two-headed ogre and a friendly +2 flail "Lostowag" {spect, rN+
rCorr Stlth+}.

Vanquished Creatures
  A hornet (D:8)
  Prince Ribbit (D:8)
  A wyvern (D:9)
  Eustachio (D:5)
  2 steam dragons (D:8)
  An acid dragon (D:9)
  2 water moccasins
  Duvessa (D:6)
  2 ice beasts
  A hornet zombie (D:5)
  A sky beast (D:7)
  2 black bears
  2 ogres
  A centaur (D:6)
  2 phantoms (D:6)
  A wyvern zombie (D:5)
  3 bullfrogs (D:7)
  A gnoll sergeant (D:7)
  A water moccasin zombie (D:5)
  2 necrophages (D:5)
  4 scorpions
  11 wights
  Dowan (D:6)
  5 killer bees (D:9)
  5 electric eels (D:9)
  3 howler monkeys
  A centaur zombie (Ossuary)
  2 orc priests
  7 hounds
  2 human zombies
  A sleepcap (D:5)
  5 iguanas
  2 scorpion zombies (D:5)
  2 orc wizards
  A hound zombie (D:5)
  3 mummies
  Robin (D:2)
  3 gnolls (D:7)
  10 adders
  A shadow imp (D:7)
  3 white imps
  3 ufetubi
  A dart slug (D:1)
  12 orcs
  9 endoplasms
  6 giant cockroaches
  13 goblins
  11 hobgoblins
  4 jackals (D:3)
  6 kobolds
  2 quokkas
  5 ball pythons
  3 bats
  4 frilled lizards
  4 gnoll zombies (Ossuary)
  2 goblin zombies
  4 hobgoblin zombies (Ossuary)
  4 orc zombies
  8 rats
203 creatures vanquished.

Notes
Turn   | Place    | Note
-------+----------+-------------------------------------------
     0 | D:1      | lonewolfV2 the Minotaur Fighter began the quest for the
                  | Orb.
     0 | D:1      | Reached XP level 1. HP: 19/19 MP: 0/0
   197 | D:1      | Reached skill level 1 in Dodging
   200 | D:1      | Reached XP level 2. HP: 25/26 MP: 1/1
   304 | D:1      | Reached skill level 2 in Dodging
   333 | D:1      | Found a faded altar of an unknown god.
   575 | D:1      | Reached XP level 3. HP: 31/31 MP: 2/2
   962 | D:2      | Found a hide-covered altar of Uskayaw.
   965 | D:2      | Noticed Robin
   983 | D:2      | Killed Robin
  1195 | D:2      | Reached skill level 3 in Dodging
  1402 | D:2      | Reached skill level 1 in Invocations
  1402 | D:2      | Reached XP level 4. HP: 34/39 MP: 3/3
  2408 | D:4      | Found a shimmering altar of Xom.
  2549 | D:4      | Noticed a scorpion
  2556 | D:4      | Killed a scorpion
  2557 | D:4      | Reached skill level 4 in Dodging
  2557 | D:4      | Reached XP level 5. HP: 15/45 MP: 5/5
  2997 | D:4      | Noticed a black bear
  3008 | D:4      | Killed a black bear
  3009 | D:4      | Reached XP level 6. HP: 32/51 MP: 6/6
  3232 | D:4      | Found a hazy altar of Hepliaklqana.
  3483 | D:4      | Found a glowing golden altar of the Shining One.
  3527 | D:4      | Found a radiant altar of Vehumet.
  3788 | D:4      | Found a blossoming altar of Fedhas.
  3895 | D:5      | Entered Level 5 of the Dungeon
  3907 | D:5      | Reached skill level 5 in Dodging
  3975 | D:5      | Reached skill level 5 in Axes
  4013 | D:5      | Reached XP level 7. HP: 42/57 MP: 8/8
  4085 | D:5      | Reached skill level 6 in Dodging
  4171 | D:5      | Found an iron altar of Okawaru.
  4202 | D:5      | Became a worshipper of Warmaster Okawaru
  4274 | D:5      | Found a sand-covered staircase.
  4280 | Ossuary  | Entered an ossuary
  4609 | D:5      | Noticed Eustachio
  4622 | D:5      | Killed Eustachio
  4738 | D:5      | Reached skill level 7 in Dodging
  4741 | D:5      | Reached XP level 8. HP: 64/64 MP: 8/10
  4747 | D:5      | Found an ancient bone altar of Kikubaaqudgha.
  4783 | D:5      | Reached * piety under Okawaru
  5042 | D:5      | Reached skill level 8 in Dodging
  5206 | D:5      | Reached skill level 5 in Invocations
  5331 | D:5      | Found a staircase to the Ecumenical Temple.
  5369 | D:5      | Found a hide-covered altar of Uskayaw.
  5556 | D:5      | Gained mutation: You sometimes lose your temper in combat.
                  | [potion of mutation]
  5556 | D:5      | Lost mutation: You sometimes lose your temper in combat.
                  | [potion of mutation]
  5556 | D:5      | Gained mutation: You occasionally lose the ability to read
                  | scrolls when taking damage. [potion of mutation]
  5556 | D:5      | Gained mutation: You possess an exceptional clarity of
                  | mind. [potion of mutation]
  5577 | D:6      | Reached ** piety under Okawaru
  5625 | D:6      | Reached skill level 9 in Dodging
  5685 | D:6      | Reached XP level 9. HP: 63/70 MP: 12/12
  5868 | D:6      | Lost mutation: You possess an exceptional clarity of mind.
                  | [potion of mutation]
  5868 | D:6      | Lost mutation: You occasionally lose the ability to read
                  | scrolls when taking damage. [potion of mutation]
  5868 | D:6      | Gained mutation: You have a somewhat thin skeletal
                  | structure. (Dex +2, Stealth+) [potion of mutation]
  5868 | D:6      | Gained mutation: You expend magic power (3 MP) to
                  | strengthen your wands. [potion of mutation]
  5868 | D:6      | Gained mutation: You have very sharp teeth. [potion of
                  | mutation]
  5868 | D:6      | Gained mutation: Your mind is acute. (Int +4, Str/Dex -1)
                  | [potion of mutation]
  5928 | D:6      | Found a broken altar of Ashenzari.
  6263 | D:6      | Noticed Dowan
  6265 | D:6      | Noticed Duvessa
  6274 | D:6      | Killed Duvessa
  6279 | D:6      | Killed Dowan
  6555 | D:6      | Found a sparkling altar of Nemelex Xobeh.
  6936 | D:7      | Reached skill level 10 in Dodging
  7513 | D:7      | Reached *** piety under Okawaru
  7514 | D:7      | Reached skill level 5 in Armour
  8061 | D:8      | Found a burning altar of Makhleb.
  8112 | D:8      | Found a sacrificial altar of Ru.
  8491 | D:8      | Noticed Prince Ribbit
  8507 | D:8      | Killed Prince Ribbit
  8508 | D:8      | Reached XP level 10. HP: 31/77 MP: 14/14
  8521 | D:8      | Lost mutation: Your mind is acute. (Int +4, Str/Dex -1)
                  | [potion of mutation]
  8521 | D:8      | Lost mutation: You have a somewhat thin skeletal structure.
                  | (Dex +2, Stealth+) [potion of mutation]
  8521 | D:8      | Gained mutation: You occasionally lose the ability to read
                  | scrolls when taking damage. [potion of mutation]
  8521 | D:8      | Gained mutation: You occasionally shout uncontrollably at
                  | your foes. [potion of mutation]
  8521 | D:8      | Gained mutation: You are agile. (Dex +4, Str/Int -1)
                  | [potion of mutation]
  8706 | D:8      | Identified the +2 flail "Lostowag" {spect, rN+ rCorr
                  | Stlth+}
  8741 | D:8      | HP: 3/77 [poisoned by a hornet]
  9274 | D:8      | Found a shimmering blue altar of Sif Muna.
  9555 | D:9      | Found a snail-covered altar of Cheibriados.
  9591 | D:9      | Reached **** piety under Okawaru
  9592 | D:9      | Reached skill level 1 in Maces & Flails
 10699 | D:9      | Noticed a two-headed ogre
 10713 | D:9      | Mangled by a two-headed ogre

Illustrated notes

Levels and vault maps discovered:
D:1:      dpeg_arrival_round_a, layout_basic, hellmonk_ecumenical_altar_blasted
D:2:      layout_basic, basic_altar, uniq_robin
D:3:      layout_basic
D:4:      layout_cave_pods, fedhas_altar_fruit_tree, nzn_hepliaklqana_mist_gate,
          mainiacjoe_overflow_catwalk, kennysheep_mini_moat,
          vehumet_altar_wand_db
D:5:      minmay_angry_zag, layout_basic, lemuel_crystal_altar,
          lemuel_mausoleum_altar_kikubaaqudgha, mainiacjoe_overflow_chevrons,
          minmay_temple_entry_tees, nicolae_ossuary_entry_giza, uniq_eustachio
D:6:      layout_basic, lemuel_tele_altar, lemuel_crystal_altar, uniq_duvessa
D:7:      layout_basic
D:8:      layout_basic, lemuel_round_altar, mainiacjoe_overflow_catch_the_wave,
          minivault_5, uniq_prince_ribbit1
D:9:      layout_basic, mainiacjoe_overflow_brackets

Skill      XL: |  1  2  3  4  5  6  7  8  9 10 |
---------------+-------------------------------+-----
Dodging        | 1 2 3 4 5 7 9 10 | 10.0
Axes           | 3 4 5 6 7 9 |  9.2
Invocations    | 1 2 3 4 5 7 |  7.4
Armour         | 6 8 |  8.0
Maces & Flails | 2 |  2.2
Fighting       | |  3.6
Shields        | |  3.6

Action                     |  1- 3 |  4- 6 |  7- 9 | 10-12 || total
---------------------------+-------+-------+-------+-------++-------
  Melee: War axe           |    79 |    88 |   277 |     8 ||   452
         Headbutt          |    12 |    11 |    55 |     8 ||    86
         Bite              |       |       |    15 |     5 ||    20
         Flail             |       |       |       |    45 ||    45
    Use: Scroll            |       |     8 |     3 |     2 ||    13
         Potion            |       |       |     9 |     3 ||    12
 Armour: Scale mail        |    32 |    43 |    96 |    13 ||   184
  Dodge: Dodged            |    46 |    48 |   173 |    67 ||   334
  Block: Buckler           |    17 |    20 |    77 |    14 ||   128
